 Dungeon Crawl Stone Soup version 0.31.0-32-g396128a36d (webtiles) character file.

Game seed: 3362317834934801224

14509 BubbleThief the Brawler (level 11, -10/117 HPs)
             Began as a Troll Fighter on Mar 12, 2024.
             Was a High Priest of Makhleb.
             Mangled by a yak (12 damage)
             ... on level 2 of the Lair of Beasts.
             The game lasted 00:18:10 (9173 turns).

BubbleThief the Brawler (Troll Fighter)             Turns: 9173, Time: 00:18:11

Health: -10/117    AC:  5    Str: 26    XL:     11   Next: 89%
Magic:  10/10      EV:  9    Int:  4    God:    Makhleb [*****.]
Gold:   676        SH: 10    Dex: 13    Spells: 10/10 levels left

rFire   . .          .
                       - Unarmed
rCold   . . .        b - +1 kite shield
rNeg    . . .        a - +0 robe
rPois   +            x - +1 hat {Will+}
rElec   .            (no cloak)
rCorr   .            (gloves unavailable)
SInv    .            (boots unavailable)
Will    +....        (no amulet) Stlth
                     j - ring of poison resistance
HPRegen 1.19/turn    u - ring of flight
MPRegen 0.12/turn

%: no passive effects
@: lethally poisoned (-10 -> -10), silenced, flying
A: large, unfitting armour, claws 3, regeneration 1, shaggy fur 1, tough skin 1
a: Renounce Religion


You were on level 2 of the Lair of Beasts.
You worshipped Makhleb.
Makhleb was extremely pleased with you.
You visited 3 branches of the dungeon, and saw 14 of its levels.
You also visited: Gauntlet.

You collected 700 gold pieces.
You spent 24 gold pieces at shops.

Inventory:

Missiles
 g - 17 poisoned darts (quivered)
 C - 2 large rocks
 E - 2 throwing nets
 I - 5 curare-tipped darts
Armour
 a - a +0 robe (worn)
 b - a +1 kite shield (worn)
 x - a +1 hat of willpower (worn)
 K - a +2 hat
Jewellery
 j - a ring of poison resistance (left claw)
 u - a ring of flight (right claw)
Wands
 m - a wand of polymorph (9)
 o - a wand of mindburst (14)
 w - a wand of digging (6)
 A - a wand of light (6)
 D - a wand of iceblast (5)
 G - a wand of flame (18)
Scrolls
 c - a scroll of enchant armour
 d - 2 scrolls of noise {unknown}
 f - 3 scrolls of silence
 h - 3 scrolls of teleportation {unknown}
 i - 4 scrolls of enchant weapon {unknown}
 n - 3 scrolls of fear {unknown}
 p - 2 scrolls of amnesia {unknown}
 r - a scroll of revelation
 s - a scroll of poison
 t - a scroll of butterflies
 v - a scroll of immolation
 y - 3 scrolls of identify
 L - 2 scrolls of brand weapon
Potions
 e - 2 potions of curing
 k - 2 potions of cancellation
 l - 3 potions of enlightenment {unknown}
 q - 5 potions of heal wounds {unknown}
 z - 2 potions of magic {unknown}
 B - a potion of lignification {unknown}
 F - a potion of mutation {unknown}
 H - a potion of ambrosia {unknown}
Miscellaneous
 J - a condenser vane


   Skills:
 + Level 9.7 Fighting
 - Level 2.4 Dodging
 + Level 4.9 Shields
 * Level 15.3 Unarmed Combat


You had 10 spell levels left.
You didn't know any spells.
Your spell library contained the following spells:

 Spells                   Type           Power      Damage    Failure   Level
 Freeze                   Ice            0%         1d3       73%         1
 Call Imp                 Summ           0%         N/A       86%         2
 Ensorcelled Hibernation  Hex/Ice        0%         N/A       86%         2
 Static Discharge         Conj/Air       0%         3-3/arc   86%         2
 Sublimation of Blood     Necr           0%         N/A       86%         2
 Dazzling Flash           Conj/Hex       0%         N/A       97%         3
 Frozen Ramparts          Ice            0%         1d1       97%         3
 Fugue of the Fallen      Necr           0%         N/A       97%         3
 Hailstorm                Conj/Ice       0%         3d5       97%         3
 Mephitic Cloud           Conj/Alch/Air  0%         N/A       97%         3
 Ozocubu's Armour         Ice            0%         N/A       97%         3
 Tukima's Dance           Hex            0%         N/A       97%         3
 Airstrike                Air            0%         2d(0-16)  100%        4
 Anguish                  Hex/Necr       0%         N/A       100%        4
 Cause Fear               Hex            0%         N/A       100%        4
 Dimensional Bullseye     Hex/Tloc       0%         N/A       100%        4
 Iskenderun's Mystic Bla  Conj/Tloc      0%         2d3       100%        4
 Manifold Assault         Tloc           0%         N/A       100%        4
 Olgreb's Toxic Radiance  Alch           0%         N/A       100%        4
 Summon Lightning Spire   Summ/Air       0%         N/A       100%        4
 Curse of Agony           Necr           0%         N/A       100%        5
 Silence                  Hex/Air        0%         N/A       100%        5
 Dispersal                Tloc           0%         N/A       100%        6
 Enfeeble                 Hex            0%         N/A       100%        7
 Ozocubu's Refrigeration  Ice            0%         4d7       100%        7
 Summon Hydra             Summ           0%         N/A       100%        7
 Discord                  Hex            0%         N/A       100%        8
 Disjunction              Tloc           0%         N/A       100%        8


Dungeon Overview and Level Annotations

Branches:
Dungeon (11/15)            Temple (1/1) D:5            Lair (2/5) D:11
  Swamp (0/4) Lair:2          Orc (0/2) D:9         Gauntlet (visited)
  Snake: Lair:2-3    Spider: Lair:2-3

Altars:
Ashenzari
Cheibriados
Dithmenos
Elyvilon
Fedhas
Gozag
Hepliaklqana
Kikubaaqudgha
Makhleb
Nemelex Xobeh
Okawaru
Qazlal
Ru
Sif Muna
Trog
Uskayaw
Vehumet
Wu Jian
Xom
Yredelemnul
Zin
The Shining One

Shops:
D:5 *   D:8 :   D:9 ?

Annotations:
D:3 2 runed translucent doors
D:7 1 transporter, jimmypageman's ghost, novice MiFi
D:10 4 transporters


Innate Abilities, Weirdness & Mutations

You are too large for most types of armour.
You have claws for hands.
Your natural rate of healing is unusually fast.
You are covered in fur. (AC +1)
You have tough skin. (AC +1)


Message History

Makhleb accepts your kill.
You feel better.
You feel very sick.
Unknown command.
You mangle the fungus!!
The fungus begins to die.
The fungus is lightly damaged.
You feel very sick. The yak gores you! The yak barely misses you.
Unknown command.
You claw the fungus!
The fungus is lightly damaged.
You feel sick.
You block the yak's attack. x2; The yak gores you!
* * * LOW HITPOINT WARNING * * *
You eviscerate the fungus!!!
The fungus is heavily damaged.
You feel sick. The yak gores you!
* * * LOW HITPOINT WARNING * * *
The yak closely misses you. The yak barely misses you.
Unknown command.
Unknown command.
You claw the fungus!
The fungus is heavily damaged.
You feel sick.
A nearby fungus withers and dies.
The yak gores you.
* * * LOW HITPOINT WARNING * * *
The yak gores you but does no damage. The yak gores you!
* * * LOW HITPOINT WARNING * * *
Unknown command.
You feel a little less mighty now.
You feel sick.
Unknown command.
You feel sick. The yak attacks as it pursues you! The yak closely misses you.
The yak gores the plant!
The plant begins to die.
Unknown command.
You feel sick.
You feel sick. The yak attacks as it pursues you! The yak gores you.
* * * LOW HITPOINT WARNING * * *
As you read the scroll labelled OLUTAXT URGHU, it crumbles to dust.
A profound silence engulfs you.
It was a scroll of silence.
You feel sick. The yak gores you!
You die...

**,,,,** *,,,,,>,,,,,* *,,,,,*
**......$....* *,,..**
*,#.........##
*,,..##*###..........#
*,,....##...........#*##** ***
**,,.................##..,***,*
,,,,......[..............,,,,,*
,,,,.....................*,****
,.Y.....$...YYYY@....#,*****
,#..###.#...PY.#P....##* **..#
**##.†.###....<.# *#.# #P..##
##....#### #.## ##..#
#P....#..######
###..####P.(#####......>.....#
.##.#.#.#.....PP.............#
.............................**
.P###.......###..............,*


You could see 5 yaks.

Vanquished Creatures
  A minotaur (Gauntlet)
  A two-headed ogre (D:8)
  2 arcanists (Gauntlet)
  Pikel (D:5)
  A manticore (D:10)
  Joseph (D:8)
  A black mamba (Lair:1)
  5 cane toads
  A komodo dragon (Lair:1)
  Psyche (D:9)
  A queen bee (Gauntlet)
  A polar bear (Lair:1)
  A raiju (Gauntlet)
  Sigmund (D:5)
  5 wyverns
  3 basilisks
  9 yaks
  4 steam dragons
  8 water moccasins
  5 orc warriors
  An ice beast (D:8)
  4 black bears
  A centaur (D:10)
  The ghost of turdburglar the Insei, an amateur GnSh (D:3)
  An ogre (D:6)
  3 phantoms
  2 kobold brigands
  6 bullfrogs
  A gnoll sergeant (D:7)
  2 scorpions
  4 wights (D:7)
  15 killer bees
  3 howler monkeys (D:8)
  3 hounds
  A human skeleton (D:3)
  8 orc priests
  A jelly (D:6)
  A sleepcap (D:6)
  7 iguanas
  11 orc wizards
  9 gnolls
  10 adders
  2 shadow imps
  8 white imps
  2 ufetubi (D:7)
  2 ribbon worms
  A dart slug (D:3)
  62 orcs
  5 ball pythons
  7 bats
  4 endoplasms
  3 giant cockroaches
  3 goblins
  7 hobgoblins
  5 jackals
  6 quokkas
  3 frilled lizards
  2 goblin zombies (D:6)
  2 hobgoblin zombies (D:6)
  11 kobolds
  A kobold skeleton (D:6)
  2 orc skeletons (D:6)
  An orc zombie (D:6)
  3 rats
290 creatures vanquished.

Vanquished Creatures (others)
  An orc (D:9)
1 creature vanquished.

Grand Total: 291 creatures vanquished

Notes
Turn   | Place    | Note
-------+----------+-------------------------------------------
     0 | D:1      | BubbleThief the Troll Fighter began the quest for the Orb.
     0 | D:1      | Reached XP level 1. HP: 22/22 MP: 0/0
   221 | D:1      | Reached XP level 2. HP: 29/29 MP: 1/1
   707 | D:2      | Reached skill level 3 in Unarmed Combat
   747 | D:2      | Reached XP level 3. HP: 36/36 MP: 2/2
  1131 | D:2      | Reached XP level 4. HP: 45/45 MP: 3/3
  1318 | D:3      | Found a runed translucent door.
  1318 | D:3      | Noticed a human
  1322 | D:3      | Found a basalt altar of Yredelemnul.
  1333 | D:3      | Reached skill level 4 in Unarmed Combat
  1408 | D:3      | You fall into a shaft and drop 2 floors!
  1408 | D:5      | Entered Level 5 of the Dungeon
  1416 | D:5      | Noticed Sigmund
  1453 | D:5      | Reached XP level 5. HP: 53/53 MP: 4/4
  1541 | D:5      | Noticed a lemure
  1541 | D:5      | Noticed a phantom
  1543 | D:5      | Noticed Pikel
  1544 | D:5      | Noticed a lemure
  1545 | D:5      | Noticed a lemure
  1545 | D:5      | Noticed a lemure
  1549 | D:5      | Killed Pikel
  1550 | D:5      | Reached skill level 6 in Unarmed Combat
  1550 | D:5      | Reached XP level 6. HP: 25/63 MP: 5/5
  1550 | D:5      | Reached XP level 7. HP: 29/71 MP: 6/6
  1653 | D:5      | Reached skill level 7 in Unarmed Combat
  1813 | D:5      | Killed Sigmund
  1871 | D:5      | Identified the +9 quarterstaff of the Viper {elec, +Blink
                  | Str+5 Int+2}
  1979 | D:5      | Found Zebepaap's Gadget Gallery.
  2075 | D:5      | Found a staircase to the Ecumenical Temple.
  2080 | Temple   | Entered the Ecumenical Temple
  2102 | Temple   | Became a worshipper of Makhleb the Destroyer
  2220 | D:4      | Reached skill level 5 in Fighting
  2623 | D:4      | Found a snail-covered altar of Cheibriados.
  2828 | D:4      | Found a hazy altar of Hepliaklqana.
  3086 | D:3      | Reached XP level 8. HP: 80/80 MP: 7/7
  3138 | D:3      | Identified the +3 leather armour of Bitterness {Harm Int+4}
  3172 | D:3      | Found a runed translucent door.
  3188 | D:3      | Reached skill level 8 in Unarmed Combat
  3193 | D:3      | Noticed turdburglar's ghost (amateur GnSh)
  3216 | D:3      | Killed turdburglar's ghost
  3219 | D:3      | Reached * piety under Makhleb
  3269 | D:3      | Found a blossoming altar of Fedhas.
  3430 | D:3      | Found a runed translucent door.
  3857 | D:6      | Reached skill level 9 in Unarmed Combat
  3863 | D:6      | Found an ornate altar of the Wu Jian Council.
  4019 | D:6      | Reached XP level 9. HP: 88/89 MP: 8/8
  4049 | D:6      | Found a glowing golden altar of the Shining One.
  4147 | D:6      | Reached skill level 10 in Unarmed Combat
  4164 | D:6      | Found a radiant altar of Vehumet.
  4241 | D:6      | Found an opulent altar of Gozag.
  4567 | D:7      | Reached ** piety under Makhleb
  4624 | D:7      | Identified the +4 short sword of Riohiat {flame, rElec rN+
                  | Stlth+}
  4894 | D:7      | Reached skill level 11 in Unarmed Combat
  5046 | D:7      | Found a transporter.
  5057 | D:7      | Noticed jimmypageman's ghost (novice MiFi)
  5387 | D:8      | Found Haisyoring's Vocational Training.
  5624 | D:8      | Reached *** piety under Makhleb
  5684 | D:8      | Reached XP level 10. HP: 62/102 MP: 9/9
  5817 | D:8      | Reached skill level 12 in Unarmed Combat
  5927 | D:8      | Noticed Joseph
  5940 | D:8      | Killed Joseph
  6269 | D:8      | Noticed a two-headed ogre
  6276 | D:8      | Killed a two-headed ogre
  6563 | D:9      | Found Gugynoez's Magic Scroll Shop.
  6571 | D:9      | Bought a scroll of identify for 24 gold pieces
  6703 | D:9      | Reached skill level 13 in Unarmed Combat
  6858 | D:9      | Found a staircase to the Orcish Mines.
  6867 | D:9      | Reached **** piety under Makhleb
  7020 | D:9      | Noticed Psyche
  7026 | D:9      | Killed Psyche
  7063 | D:10     | Entered Level 10 of the Dungeon
  7063 | D:10     | Noticed a manticore
  7063 | D:10     | Found an ancient bone altar of Kikubaaqudgha.
  7070 | D:10     | Killed a manticore
  7099 | D:10     | Found a transporter.
  7099 | D:10     | Found a transporter.
  7103 | D:10     | Identified the +7 sling "Ummiduuf" {elec, rElec}
  7113 | D:10     | Found a transporter.
  7195 | D:10     | Reached XP level 11. HP: 77/113 MP: 10/10
  7236 | D:10     | Found a glowing silver altar of Zin.
  7336 | D:10     | Found a transporter.
  7723 | D:11     | Found a staircase to the Lair.
  7724 | D:11     | Found a sparkling altar of Nemelex Xobeh.
  7730 | Lair:1   | Entered Level 1 of the Lair of Beasts
  7746 | Lair:1   | Reached skill level 14 in Unarmed Combat
  8608 | Lair:2   | Found a gate leading to a gauntlet.
  8613 | Gauntlet | Entered a Gauntlet
  8613 | Gauntlet | Found a transporter.
  8613 | Gauntlet | Found a transporter.
  8613 | Gauntlet | Found a transporter.
  8642 | Gauntlet | Found a transporter.
  8654 | Gauntlet | Found a transporter.
  8663 | Gauntlet | Noticed an arcanist
  8663 | Gauntlet | Noticed an arcanist
  8664 | Gauntlet | Found a transporter.
  8684 | Gauntlet | Found a transporter.
  8699 | Gauntlet | Found a transporter.
  8702 | Gauntlet | Found a transporter.
  8710 | Gauntlet | Found a transporter.
  8713 | Gauntlet | Found a transporter.
  8748 | Gauntlet | Found a transporter.
  8900 | Gauntlet | Reached ***** piety under Makhleb
  8991 | Gauntlet | Identified the +10 orcbow of Temoq {speed, rC+ MP+9 Str-4}
  9041 | Gauntlet | Killed an arcanist
  9042 | Gauntlet | Reached skill level 15 in Unarmed Combat
  9047 | Gauntlet | Killed an arcanist
  9094 | Gauntlet | Noticed a minotaur
  9101 | Gauntlet | Killed a minotaur
  9168 | Lair:2   | HP: 5/117 [yak (7)]
  9172 | Lair:2   | HP: 2/117 [yak (3)]
  9173 | Lair:2   | Mangled by a yak

Illustrated notes

Levels and vault maps discovered:
D:1:      dpeg_arrival_rhombi, layout_basic, chequers_serial_rivers_small_3
D:2:      layout_loops_ring
D:3:      layout_basic, fedhas_altar_fruit_tree, dk_yredelemnul_ordeal,
          ebering_ghost_sewer_f
D:4:      layout_basic, slow_altar_2, nzn_hepliaklqana_mist_gate
D:5:      layout_basic, minmay_temple_entry_butterflies, serial_glass,
          glass_columns_c, glass_columns_a, glass_columns_a, glass_columns_a,
          glass_columns_b, glass_columns_b, glass_columns_a, glass_columns_b,
          due_unseen_surprise, minmay_strange_pillars,
          small_statue_intersection, nicolae_shop_gadgets, uniq_sigmund,
          uniq_pikel
D:6:      layout_cave_pools, mainiacjoe_overflow_catwalk_spiral,
          nicolae_tso_besieged_by_evil, mainiacjoe_overflow_chevrons,
          st_stairs_12, nicolae_zen_rock_garden
D:7:      layout_loops_ring, gammafunk_ghost_stat_death
D:8:      layout_gridville, nicolae_shop_vocational, uniq_joseph
D:9:      layout_basic, hiddenorc2_lemuel, serial_shops, nicolae_square_shop,
          serial_park_tiny_1, kennysheep_doodads, uniq_psyche
D:10:     layout_roguey, mainiacjoe_overflow_concentric_impassable,
          lemuel_crystal_altar, nicolae_diode_quadrants
D:11:     layout_loops_cross, lair_entry_dummy,
          nemelex_xobeh_ov_fountains_minmay
Temple:   nicolae_temple_bog_church
Lair:1:   layout_regular_city
Lair:2:   layout_small_grid, minmay_swamp_entry_worms, gauntlet_entry_generic,
          wad_woods_river_01, serial_bayou_shore_a

Skill      XL: |  1  2  3  4  5  6  7  8  9 10 11 |
---------------+----------------------------------+-----
Unarmed Combat | 3 4 6 7 9 11 13 15 | 15.3
Fighting       | 3 4 5 6 7 8 9 |  9.7
Shields        | 4 |  4.9
Dodging        | |  2.4

Action                     |  1- 3 |  4- 6 |  7- 9 | 10-12 || total
---------------------------+-------+-------+-------+-------++-------
  Melee: Unarmed           |    92 |    38 |   341 |   345 ||   816
  Evoke: Wand              |       |       |     9 |     2 ||    11
    Use: Potion            |       |     1 |       |     2 ||     3
         Scroll            |       |       |       |    10 ||    10
   Stab: Sleeping          |     1 |       |     1 |       ||     2
 Armour: Robe              |    43 |    19 |   202 |   209 ||   473
         Skin              |       |       |     5 |       ||     5
  Dodge: Dodged            |    34 |     9 |   132 |   114 ||   289
  Block: Kite shield       |    39 |    14 |   152 |   123 ||   328
